 Dungeon Crawl Stone Soup version 0.30.0 (webtiles) character file.

Game seed: 16253127212408760089

95 freelancePsychic the Sneak (level 4, -4/37 HPs)
             Began as a Ghoul Conjurer on May 7, 2023.
             Slain by a goblin
             ... wielding a +0 mace
              (5 damage)
             ... on level 2 of the Dungeon.
             The game lasted 00:02:07 (868 turns).

freelancePsychic the Sneak (Ghoul Conjurer)          Turns: 868, Time: 00:02:07

Health: -4/37      AC:  3    Str: 10    XL:     4   Next: 66%
Magic:  5/5        EV: 12    Int: 13    God:
Gold:   55         SH:  0    Dex:  9    Spells: 5/6 levels left

rFire   . . .        c - +3 longbow (elec)
rCold   + . .        (shield currently unavailable)
rNeg    + + +        a - +0 robe
rPois   ∞            (no helmet)
rElec   .            l - +0 cloak
rCorr   .            (no gloves)
SInv    .            (no boots)
Will    .....        (no amulet)
Stlth   ++           (no ring)
HPRegen 0.00/turn    (no ring)
MPRegen 0.09/turn

%: no passive effects
@: brilliant, inhibited regen, invisible
A: claws 1, cold resistance 1, negative energy resistance 3, inhibited
regeneration, torment resistance 2, devour on kill
a: no special abilities


You were on level 2 of the Dungeon.
You visited 1 branch of the dungeon, and saw 2 of its levels.

You collected 55 gold pieces.

Inventory:

Hand Weapons
 c - a +3 longbow of electrocution (weapon)
 e - a +0 spear
Armour
 a - a +0 robe (worn)
 l - a +0 cloak (worn)
Scrolls
 d - a scroll of poison
 h - a scroll of magic mapping {unknown}
 i - 2 scrolls of identify {unknown}
 j - a scroll of fog {unknown}
 k - a scroll of enchant armour {unknown}
Potions
 b - a potion of magic
 f - a potion of brilliance


   Skills:
 + Level 2.5 Fighting
 * Level 1.9 Ranged Weapons
 - Level 1.7 Dodging
 + Level 3.6 Stealth
 - Level 1.7 Spellcasting
 - Level 3.2 Conjurations


You had 5 spell levels left.
You knew the following spells:

 Your Spells              Type           Power      Damage    Failure   Level
a - Magic Dart            Conj           56%        1d5       7%          1

Your spell library contained the following spells:

 Spells                   Type           Power      Damage    Failure   Level
 Searing Ray              Conj           28%        2d5       11%         2
 Dazzling Flash           Conj/Hex       16%        N/A       38%         3
 Volatile Blastmotes      Fire/Tloc      2%         2d10      61%         3
 Fulminant Prism          Conj/Hex       4%         3d5       80%         4
 Iskenderun's Mystic Bla  Conj/Tloc      8%         2d4       80%         4
 Starburst                Conj/Fire      4%         6d3       100%        6


Dungeon Overview and Level Annotations

Branches:
Dungeon (2/15)

Altars:


Innate Abilities, Weirdness & Mutations

You are immune to poison.
You have sharp fingernails.
Your flesh is cold resistant. (rC+)
You are immune to negative energy. (rN+++)
You do not regenerate when monsters are visible.
You are immune to unholy pain and torment.
You thrive by killing the living.


Message History

The bat completely misses you. The bat hits you but does no damage.
The bat closely misses you. The rat barely misses you.
The hobgoblin hits you with a +0 mace of protection.
The hobgoblin hits you. The goblin closely misses you. The bat misses you.
The hobgoblin hits you. The goblin closely misses you. The rat misses you.
The hobgoblin closely misses you.
You are too injured to fight recklessly!
You are too injured to fight recklessly!
You are too injured to fight recklessly!
You are too injured to fight recklessly!
You are too injured to fight recklessly!
You are too injured to fight recklessly!
You are too injured to fight recklessly!
You are too injured to fight recklessly!
You are too injured to fight recklessly!
You are too injured to fight recklessly!
You are too injured to fight recklessly!
You are too injured to fight recklessly!
It was a potion of brilliance.
You feel clever all of a sudden. The bat hits you.
The bat hits you but does no damage. x2; The bat hits you.
The rat bites you but does no damage.
The hobgoblin hits you with a +0 mace of protection.
* * * LOW HITPOINT WARNING * * *
The goblin closely misses you. The hobgoblin barely misses you.
Okay, then.
You shoot an arrow. The arrow misses the bat.
The bat hits you but does no damage. The bat misses you.
The bat barely misses you.
The hobgoblin hits you with a +0 mace of protection!
* * * LOW HITPOINT WARNING * * *
The rat bites you but does no damage. The hobgoblin barely misses you.
The goblin barely misses you.
It was a potion of invisibility.
You fade into invisibility!
The bat barely misses you. The bat hits you but does no damage.
The bat closely misses you. The hobgoblin misses you.
The rat barely misses you. The hobgoblin closely misses you.
The goblin hits you with a +0 mace.
You die...

###..#......##.#
#.........#
+....#......##.#
#.........#
####.'.........#
#.........#
###.....##.##
###########
#.....##.#
#..(..##.#
#.....##.#
#.....##b######
#......b@g....#
..#...rgg....#
.............#
..#......?...#
.........?...#
.###.........#
#.#.......#
#.........#


You could see 2 hobgoblins, a goblin (unable to see you), 2 bats and a rat
(unable to see you).

Vanquished Creatures
  An iguana (D:2)
  An adder (D:2)
  3 dart slugs
  5 bats
  6 endoplasms
  3 giant cockroaches
  6 goblins
  4 hobgoblins
  2 jackals (D:1)
  6 kobolds
  6 ball pythons
  5 frilled lizards
  6 rats (D:1)
54 creatures vanquished.

Notes
Turn   | Place    | Note
-------+----------+-------------------------------------------
     0 | D:1      | freelancePsychic the Ghoul Conjurer began the quest for the
                  | Orb.
     0 | D:1      | Reached XP level 1. HP: 14/14 MP: 2/2
    78 | D:1      | Reached skill level 1 in Fighting
    78 | D:1      | Reached XP level 2. HP: 21/23 MP: 3/3
   305 | D:1      | Identified a scroll of acquirement
   305 | D:1      | Acquired a +3 longbow of electrocution
   356 | D:1      | Reached XP level 3. HP: 29/29 MP: 4/4
   615 | D:2      | Reached skill level 1 in Ranged Weapons
   698 | D:2      | Identified the +0 robe of Classification {+Blink rC++ Dex-2
                  | Slay+3}
   803 | D:2      | Reached XP level 4. HP: 33/36 MP: 5/5
   867 | D:2      | HP: 1/37 [hobgoblin/+0 mace of protection (8)]
   868 | D:2      | Slain by a goblin

Illustrated notes

Levels and vault maps discovered:
D:1:      lemuel_arrival_muddy, layout_rooms, minmay_tetromino_i4
D:2:      layout_basic, minmay_fractal_squares_5

Skill      XL: |  1  2  3 |
---------------+----------+-----
Fighting       | 1 2 |  2.5
Stealth        | 3 |  3.6
Ranged Weapons | 1 |  1.9
Dodging        | |  1.7
Spellcasting   | |  1.7
Conjurations   | |  3.2

Action                     |  1- 3 |  4- 6 || total
---------------------------+-------+-------++-------
  Melee: Unarmed           |    14 |       ||    14
         Spear             |    48 |       ||    48
   Fire: Longbow           |    44 |    18 ||    62
   Cast: Magic Dart        |     1 |       ||     1
    Use: Scroll            |     3 |       ||     3
         Potion            |       |     2 ||     2
   Stab: Sleeping          |     1 |       ||     1
 Armour: Robe              |    11 |    15 ||    26
  Dodge: Dodged            |    47 |    48 ||    95
